 Dungeon Crawl Stone Soup version 0.19.1-1-g22dce08 (webtiles) character file.

527 Alarkh the Cleaver (level 7, 26/57 HPs)
             Began as a White Draconian Monk on Jan 18, 2017.
             Quit the game on level 5 of the Dungeon.
             The game lasted 00:03:59 (4121 turns).

Alarkh the Cleaver (White Draconian Monk)           Turns: 4121, Time: 00:04:01

Health: 26/57      AC: 12    Str: 13    XL:     7   Next: 3%
Magic:  7/7        EV: 13    Int: 12    God:
Gold:   135        SH:  0    Dex: 14    Spells: 0 memorised, 6 levels left

rFire  . . .     SeeInvis .     q - +0 war axe
rCold  + . .     Gourm    .     (armour unavailable)
rNeg   . . .     Faith    .     (no shield)
rPois  .         Spirit   .     (helmet restricted)
rElec  .         Reflect  .     h - +2 cloak
rCorr  .         Harm     .     d - +2 pair of gloves
MR     .....                    (no boots)
Stlth  ++........               (no amulet)
                                (no ring)
                                (no ring)

@: no status effects
A: breathe frost, unfitting armour, cold resistance 1, cold-blooded, AC +6
a: Breathe Frost


You were on level 5 of the Dungeon.
You were not hungry.

You visited 1 branch of the dungeon, and saw 5 of its levels.

You collected 135 gold pieces.

Inventory:

Hand Weapons
 a - a +0 hand axe
 q - a +0 war axe (weapon)
 r - a +2 vampiric hand axe
Armour
 d - a +2 pair of gloves (worn)
 h - a +2 cloak (worn)
Scrolls
 c - 2 scrolls of teleportation
 f - a scroll of noise {unknown}
 g - a scroll of magic mapping
 j - a scroll of amnesia {unknown}
 m - a scroll of identify {unknown}
 o - a scroll of remove curse
Potions
 e - a potion of haste {unknown}
 i - a potion of brilliance {unknown}
 l - 2 potions of invisibility {unknown}
 p - 2 potions of resistance {unknown}
 s - a potion of lignification {unknown}
 t - a potion of might {unknown}
Comestibles
 b - 3 bread rations
 k - 2 royal jellies
 n - a beef jerky
 u - a chunk of flesh


   Skills:
 - Level 3.2 Fighting
 + Level 8.0 Axes
 - Level 2.6 Dodging
 - Level 1.7 Stealth


You had 6 spell levels left.
You didn't know any spells.

Dungeon Overview and Level Annotations

Branches:
Dungeon (5/15)
 Temple: D:4-7

Altars:
Fedhas
Kikubaaqudgha
Makhleb
Nemelex Xobeh


Innate Abilities, Weirdness & Mutations

You can breathe waves of freezing cold.
You can buffet flying creatures when you breathe cold.
Your icy white scales are hard. (AC +6)
You cannot fit into any form of body armour.
Your flesh is cold resistant. (rC+)
You are cold-blooded and may be slowed by cold attacks.


Message History

You can buffet flying creatures when you breathe cold.
You feel resistant to cold.
You feel sick.
You feel sick.
e - a pink potion You feel sick.
You feel sick.
You feel sick.
You feel sick.
There is a stone staircase leading down here.
You start resting.
You feel sick. x7
You feel yourself speed up.
You start resting.
You feel sick. x2
You are no longer poisoned.
Are you sure you want to abandon this character and quit the game? (Confirm with "yes".)
Okay, then.
You climb downwards.
There is a stone staircase leading up here.
Are you sure you want to abandon this character and quit the game? (Confirm with "yes".)

..## ##... #
###...#
..###...#.#
......#...#
#.........####.
#............
#...@..#
######.# #


There were no monsters in sight!

Vanquished Creatures
  Sigmund (D:3)
  The ghost of dscm the Sneak, a weakling FeEE (D:4)
  An orc wizard (D:4)
  Natasha (thrice) (D:3)
  A worker ant (D:4)
  8 gnolls
  6 adders
  4 worms (D:2)
  2 dart slugs
  3 orcs
  5 bats
  3 giant cockroaches
  9 goblins
  2 hobgoblins (D:1)
  7 jackals
  5 kobolds
  4 frilled lizards
  6 rats
71 creatures vanquished.

Notes
Turn   | Place    | Note
-------+----------+-------------------------------------------
     0 | D:1      | Alarkh the Draconian Monk began the quest for the Orb.
     0 | D:1      | Reached XP level 1. HP: 19/19 MP: 1/1
   205 | D:1      | Reached XP level 2. HP: 22/26 MP: 2/2
   529 | D:1      | Reached skill level 4 in Axes
  1044 | D:2      | Reached XP level 3. HP: 21/31 MP: 3/3
  1408 | D:2      | Found a burning altar of Makhleb.
  1853 | D:2      | Found a sparkling altar of Nemelex Xobeh.
  2140 | D:3      | Found an ancient bone altar of Kikubaaqudgha.
  2147 | D:3      | Reached skill level 5 in Axes
  2147 | D:3      | Reached XP level 4. HP: 27/38 MP: 4/4
  2148 | D:3      | Found a blossoming altar of Fedhas.
  2646 | D:3      | Noticed Sigmund
  2738 | D:3      | Reached XP level 5. HP: 40/45 MP: 5/5
  2778 | D:4      | Noticed dscm's ghost (weakling FeEE)
  2792 | D:4      | Killed dscm's ghost
  2792 | D:4      | Reached skill level 6 in Axes
  3032 | D:3      | Killed Sigmund
  3032 | D:3      | Reached skill level 7 in Axes
  3032 | D:3      | Reached XP level 6. HP: 49/51 MP: 6/6
  3057 | D:3      | Noticed Natasha
  3064 | D:3      | Killed Natasha
  3557 | D:3      | Noticed Natasha
  3562 | D:3      | Killed Natasha
  3910 | D:3      | Found an ancient bone altar of Kikubaaqudgha.
  3911 | D:3      | Found a blossoming altar of Fedhas.
  4057 | D:3      | Noticed Natasha
  4068 | D:3      | Killed Natasha
  4088 | D:4      | Reached skill level 8 in Axes
  4094 | D:4      | Your scales start taking on an icy white colour.
  4094 | D:4      | Reached XP level 7. HP: 38/57 MP: 7/7
  4094 | D:4      | Gained mutation: Your flesh is cold resistant. (rC+) [White Draconian growth]
  4120 | D:5      | Entered Level 5 of the Dungeon
  4121 | D:5      | Quit the game

Skill      XL: |  1  2  3  4  5  6 |
---------------+-------------------+-----
Axes           | 4 5 7 8 |  8.0
Fighting       | |  3.2
Dodging        | |  2.6
Stealth        | |  1.7

Action                   |  1- 3 |  4- 6 |  7- 9 || total
-------------------------+-------+-------+-------++-------
Melee: Hand axe          |   129 |    72 |       ||   201
       Tailslap          |    18 |    17 |       ||    35
       War axe           |       |    79 |       ||    79
  Use: Scroll            |     2 |     3 |       ||     5
 Stab: Sleeping          |     1 |       |       ||     1
  Eat: Chunk             |     4 |     6 |       ||    10
Armor: Skin              |    28 |    63 |       ||    91
Dodge: Dodged            |    86 |   129 |       ||   215
